[Event "2nd Cambridge Open 2024"]
[Site "Cambridge"]
[Date "2024.02.21"]
[Round "4.5"]
[White "Ghasi, Ameet K"]
[Black "Wachinger, Nikolas"]
[Result "0-1"]
[ECO "E04"]
[WhiteElo "2509"]
[BlackElo "2437"]
[Annotator "TA"]
[PlyCount "146"]
[EventDate "2024.02.18"]
[EventType "swiss"]
[EventCountry "ENG"]
[SourceTitle "playchess.com"]
[Source "ChessBase"]
[SourceQuality "1"]
[TimeControl "5400+30"]

1. Nf3 d5 2. g3 Nf6 3. Bg2 c5 4. O-O Nc6 5. d4 e6 6. c4 dxc4 7. dxc5 Qxd1 8. Rxd1 Bxc5 9. Nbd2 c3 10. bxc3 O-O 11. Nb3 Be7 12. c4 Bd7 13. Bb2 Rfd8 14. Nfd4 Rac8 15. Nb5 b6 16. Nd6 Rc7 17. Nb5 Rcc8 18. Nd6 Rc7 19. Rd2 Be8 20. Rad1 Nb4 21. Nxe8 Rxe8 22. a3 Nc6 23. e3 Kf8 24. h3 Rd8 25. Rxd8+ Nxd8 26. Rc1 Nd7 27. Nd4 Nc5 28. Bf1 Nc6 29. Nxc6 Rxc6 30. Rc2 Bf6 31. Bxf6 gxf6 32. Kg2 Rd6 33. Be2 f5 34. g4 Kg7 35. gxf5 exf5 36. Kf3 Kf6 37. Rb2 Ne4 38. a4 a5 39. Rc2 Nc5 40. Ra2 Ke5 41. Kg3 (41. h4 $17) 41... Ne4+ $1 $19 42. Kf3 Nd2+ (42... Rd2 $19 {and Black stays clearly on top.} 43. Rxd2 Nxd2+ 44. Kg2 Ne4) 43. Kg3 $17 Ne4+ (43... Rg6+ $15 44. Kh2 Rd6) 44. Kf3 $17 Rh6 (44... Rd2 $142 45. Rxd2 Nxd2+ 46. Kg2 f4) 45. Bf1 $17 Rg6 (45... Nc5 $17) 46. Rb2 {[%emt 0:00:30] [#]} (46. Bd3 $1 $11 {and White has nothing to worry.}) 46... Nc3 $1 $19 47. Bd3 Nxa4 (47... Rd6 $142 48. Bb1 Rd1 (48... Nxa4 49. Rb5+ Nc5 50. Bc2 $17)) 48. Rb5+ $17 Nc5 49. Ke2 Rd6 50. f4+ Kf6 51. Bc2 Kg6 52. Kf3 h6 53. Rb2 Kf6 54. Rb1 Rc6 55. Ke2 Ke6 56. Rb2 f6 57. Kf3 {[%emt 0:00:41] [#]} Ne4 $1 58. Ba4 $2 (58. Bd3 $17 {was necessary.}) 58... Rd6 $19 ({Not} 58... Rxc4 59. Bb3 Kd5 60. Rc2 $11 (60. Bxc4+ Kxc4 61. Rxb6 a4 $11)) 59. Bc2 Nd2+ 60. Ke2 $2 (60. Kg3 Nxc4 61. Rb3) 60... Nxc4 $19 61. Bb3 b5 62. Ba2 Rd5 63. Rc2 Rc5 64. Kd3 Kd6 65. Rg2 Rd5+ 66. Kc3 Rd1 67. Rg6 $2 (67. Bxc4 Rc1+ (67... bxc4 68. Kxc4 Rc1+ 69. Kd3 $17) 68. Kb2 Rxc4 69. Rg6) 67... Nxe3 $19 68. Rxf6+ Kc5 69. Re6 b4+ 70. Kb3 Rd3+ 71. Kb2 Nc4+ (71... a4 $142 72. Ka1 Nc2+ 73. Kb2 b3 74. Bxb3 axb3) 72. Kc2 Rd2+ 73. Kb1 b3 0-1

[Event "2nd Cambridge Open 2024"]
[Site "Cambridge"]
[Date "2024.02.21"]
[Round "4.6"]
[White "Jermy, Jaden"]
[Black "Pozzari, Simone"]
[Result "0-1"]
[ECO "E11"]
[WhiteElo "1968"]
[BlackElo "2282"]
[Annotator "TA"]
[PlyCount "120"]
[EventDate "2024.02.18"]
[EventType "swiss"]
[EventCountry "ENG"]
[SourceTitle "playchess.com"]
[Source "ChessBase"]
[SourceQuality "1"]
[TimeControl "5400+30"]

1. d4 d5 2. Nf3 Nf6 3. c4 e6 4. g3 Bb4+ 5. Bd2 Be7 6. Bg2 O-O 7. Qc2 c6 8. O-O Ne4 9. Nc3 Nxd2 10. Qxd2 dxc4 {[%emt 0:03:49] Die Stellung ist ausgeglichen.} 11. a4 Nd7 12. Rfd1 a5 13. Qc2 Rb8 14. Nd2 Nb6 15. e3 {[%emt 0:04:18] [#]} e5 $1 16. dxe5 Qc7 17. f4 Bg4 18. Bf3 Be6 19. e4 (19. Ne2 $14) 19... Rbd8 $11 20. Be2 f5 21. Bf3 (21. exf6 $11 gxf6 22. Kg2) 21... Rd3 {[%emt 0:08:31] Schwarz steht deutlich aktiver.} ({Günstiger ist} 21... g5 $1 $17 {...gxf4 ist eine echte Drohung.} 22. exf5 Bxf5) 22. exf5 Bxf5 23. Be4 {[%emt 0:00:03] Droht stark Bxf5.} Bxe4 24. Ndxe4 {[%emt 0:00:30] Ein dynamisches Springerpaar.} Rfd8 $1 25. b3 (25. Nf2 {vereinfacht} Rxd1+ 26. Rxd1 Nd5 27. Nce4) 25... Qd7 26. bxc4 $1 {[%emt 0:02:57] Und c5 würde nun gewinnen.} Qd4+ (26... Nxc4 27. Kh1 $11) 27. Qf2 Qxf2+ ({Doch nicht} 27... Nxc4 28. Rxd3 Qxd3 29. Rd1 $14) 28. Kxf2 Rxd1 29. Rxd1 Rxd1 30. Nxd1 Nxa4 {[%emt 0:00:11][%mdl 4096] Endspiel. KBN-KNN} 31. Ke3 Nc5 32. Nxc5 (32. Ndc3 $11) 32... Bxc5+ {[%emt 0:00:03] KB-KN} 33. Kd3 ({Vorzuziehen ist} 33. Ke4) 33... Bg1 $1 $17 34. Ke4 (34. Ke2 $17 {ist eine bessere Verteidigung.}) 34... Bxh2 $19 35. g4 (35. Kf3 $142 Bg1 36. Nc3) 35... b5 36. cxb5 cxb5 37. Nc3 b4 38. Na4 Kf7 39. f5 h6 40. Nb6 Bg3 (40... Bg1 $19 41. e6+ Ke8) 41. e6+ $17 Ke8 $1 42. Kd3 {[%emt 0:00:42] [#]} Bf2 $1 43. Na4 Ke7 44. Kc4 $2 {[%emt 0:00:38] [#]} (44. Nb2) 44... g6 $1 $19 {[%emt 0:02:27][%mdl 512] Droht ...gxf5 und aus.} 45. fxg6 {[%emt 0:05:00] Weiss droht g7 und Matt.} (45. Kd5 gxf5) 45... Kxe6 46. Kb5 Kf6 47. Kxa5 Be1 {[%emt 0:02:31] Schwarz setzt Matt.} 48. Kb5 Kxg6 49. Kc4 Kg5 50. Kd3 Kxg4 51. Ke2 Bc3 52. Nc5 h5 53. Nd3 b3 54. Kf2 h4 55. Kg2 h3+ 56. Kf2 h2 57. Kg2 {[%emt 0:00:16] [#]} h1=Q+ $1 58. Kxh1 Kf3 59. Kh2 Ke3 60. Ne5 Bxe5+ {[%emt 0:00:07] Gewichteter Fehlerwert: Weiß=0.61/Schwarz=0.12 (sehr präzise) .  Fehler:       	Weiß=7     	Schwarz=2     Ungenau:       	Weiß=3     	Schwarz=3     OK:         	Weiß=12    	Schwarz=9     Bester:       	Weiß=2     	Schwarz=4     Stark:        	Weiß=1     	Schwarz=4     Brilliant:      	---       	Schwarz=1} 0-1

[Event "2nd Cambridge Open 2024"]
[Site "Cambridge"]
[Date "2024.02.21"]
[Round "4.7"]
[White "Golubovic, Boris"]
[Black "Sivanandan, Bodhana"]
[Result "1-0"]
[ECO "D46"]
[WhiteElo "2342"]
[BlackElo "1856"]
[Annotator "RC"]
[PlyCount "123"]
[EventDate "2024.02.18"]
[EventType "swiss"]
[EventCountry "ENG"]
[SourceTitle "playchess.com"]
[Source "ChessBase"]
[SourceQuality "1"]
[TimeControl "5400+30"]

1. c4 c6 2. Nf3 Nf6 3. Nc3 d5 4. e3 e6 5. d4 Nbd7 6. Be2 Bd6 7. O-O O-O 8. Qc2 dxc4 9. Bxc4 b5 10. Be2 Bb7 11. Rd1 Qe7 12. h3 Rad8 13. e4 e5 14. dxe5 Nxe5 15. Nd4 Ng6 16. Nf5 Qe6 17. Nxd6 Rxd6 18. Rxd6 Qxd6 19. Be3 a6 20. Rd1 Qe5 21. b4 Re8 22. Bf1 h6 23. f3 Nh5 24. Ne2 Ngf4 25. Nxf4 Nxf4 26. Qc5 Qxc5 27. Bxc5 Ne6 28. Bb6 Kf8 29. Kf2 Ke7 30. Ke3 g6 31. f4 f5 32. Bd3 fxe4 33. Bxe4 Rg8 34. g4 h5 35. g5 h4 36. Bc5+ Nxc5 37. bxc5 Bc8 38. Bxc6 Bxh3 39. Rh1 Bd7 40. Bxd7 Kxd7 41. Rxh4 Kc6 42. f5 gxf5 43. Kf4 Kxc5 44. Kxf5 a5 45. g6 b4 46. Kf6 a4 47. g7 b3 48. a3 b2 49. Rb4 Ra8 50. Rxb2 Kc4 51. Rb4+ Kc3 52. Kf7 Ra7+ 53. Kg6 Ra8 54. Kh7 Ra7 55. Kh8 Rxg7 56. Kxg7 Kc2 57. Kf6 Kc3 58. Ke5 Kc2 59. Kd4 Kd1 60. Kd3 Kc1 61. Rb5 Kd1 62. Rb1# 1-0

[Event "2nd Cambridge Open 2024"]
[Site "Cambridge"]
[Date "2024.02.21"]
[Round "4.8"]
[White "Dishman, Stephen"]
[Black "Gasanov, Eldar"]
[Result "1/2-1/2"]
[ECO "A30"]
[WhiteElo "2273"]
[BlackElo "2487"]
[Annotator "RC"]
[PlyCount "48"]
[EventDate "2024.02.18"]
[EventType "swiss"]
[EventCountry "ENG"]
[SourceTitle "playchess.com"]
[Source "ChessBase"]
[SourceQuality "1"]
[TimeControl "5400+30"]

1. Nf3 c5 2. c4 Nc6 3. b3 e5 4. Bb2 d6 5. g3 g6 6. Bg2 Bg7 7. O-O Nge7 8. Nc3 O-O 9. d3 h6 10. Nd2 Be6 11. a3 Qd7 12. Nd5 Bh3 13. Bxh3 Qxh3 14. b4 b6 15. b5 Nxd5 16. cxd5 Ne7 17. e4 Qd7 18. a4 f5 19. f3 g5 20. Nc4 Ng6 21. Qe2 f4 22. a5 Rab8 23. axb6 axb6 24. g4 Rf6 1/2-1/2

[Event "2nd Cambridge Open 2024"]
[Site "Cambridge"]
[Date "2024.02.21"]
[Round "4.9"]
[White "Royal, Shreyas"]
[Black "Bradbury, Neil H"]
[Result "1-0"]
[ECO "E08"]
[WhiteElo "2459"]
[BlackElo "2217"]
[Annotator "TA"]
[PlyCount "63"]
[EventDate "2024.02.18"]
[EventType "swiss"]
[EventCountry "ENG"]
[SourceTitle "playchess.com"]
[Source "ChessBase"]
[SourceQuality "1"]
[TimeControl "5400+30"]

1. d4 Nf6 2. c4 e6 3. g3 Bb4+ 4. Bd2 Be7 5. Bg2 d5 6. Nf3 O-O 7. O-O c6 8. Qc2 Nbd7 9. Bf4 Nh5 10. Bc1 f5 11. b3 a5 12. Ba3 Bb4 13. Bxb4 axb4 {[%emt 0:00:06] White is slightly better.} 14. Ne1 Qf6 15. e3 c5 16. Qd1 (16. cxd5 cxd4 17. dxe6 dxe3 18. exd7 Qxa1 19. dxc8=B (19. dxc8=R Raxc8 20. Qd1 exf2+ 21. Rxf2 Nf6 $17) 19... Raxc8 $15) 16... dxc4 $1 17. bxc4 (17. Qxh5 cxd4 18. exd4 (18. bxc4 $2 d3 $19) 18... Qxd4 $15) 17... cxd4 18. exd4 (18. Qxh5 $2 {perishes.} d3 19. Nxd3 Qxa1 20. Nxb4 Qb2 $17) 18... Nc5 $2 {[%emt 0:04:55] [#] Black cannot hold the game after this.} (18... f4 $16) 19. Nc2 $1 $18 ({Not} 19. Qxh5 Qxd4 20. Nc2 Qb2 $16) 19... g6 20. dxc5 {[%emt 0:01:30][%cal Ob1d2] Hoping for Nd2!} b3 21. axb3 Rxa1 22. Nxa1 Qxa1 23. Qd2 {[%emt 0:00:23] Against Qa5} Nf6 24. Rd1 Qe5 25. b4 Kg7 (25... Ne4 {was necessary.} 26. Qe2 Qf6 27. Bxe4 fxe4) 26. Nc3 f4 27. Qd4 Qh5 (27... Qxd4 $142 28. Rxd4 e5) 28. Re1 {[%emt 0:00:54] White is clearly winning.} ({Worse is} 28. Qxf4 Ng4 $11) 28... f3 29. Bf1 {[%emt 0:00:26] Black is weak on the dark squares} Qf5 (29... Kg8 $142 30. h3 Qh6) 30. Nb5 Kg8 31. Nd6 Qg5 32. h4 {[%emt 0:00:44] Weighted Error Value: White=0.11 (very precise) /Black=0.48.  Loses game:     	---       	Black=1      Mistake:       	---       	Black=3      Inaccurate:     	White=2     	Black=2      OK:         	White=11    	Black=6      Best:        	---       	Black=1      Strong:       	White=1     	Black=1} 1-0

[Event "2nd Cambridge Open 2024"]
[Site "Cambridge"]
[Date "2024.02.21"]
[Round "4.10"]
[White "McClement, Andrew"]
[Black "Wadsworth, Matthew J"]
[Result "0-1"]
[ECO "E18"]
[WhiteElo "2223"]
[BlackElo "2450"]
[Annotator "TA"]
[PlyCount "110"]
[EventDate "2024.02.18"]
[EventType "swiss"]
[EventCountry "ENG"]
[SourceTitle "playchess.com"]
[Source "ChessBase"]
[SourceQuality "1"]
[TimeControl "5400+30"]

1. Nf3 Nf6 2. c4 e6 3. g3 b6 4. Bg2 Bb7 5. O-O Be7 6. Nc3 O-O 7. d4 Ne4 8. Nxe4 Bxe4 9. Nh4 Bxg2 10. Nxg2 d5 11. Qd3 Nc6 12. Rd1 e5 13. cxd5 {[%emt 0:08:56] The position is equal.} Qxd5 14. dxe5 Qxd3 15. Rxd3 Nxe5 16. Rd1 Rfd8 17. Bf4 Bf6 18. Rac1 Ng6 19. Bxc7 Rxd1+ 20. Rxd1 Rc8 21. Bd6 Bxb2 22. Ne3 h5 23. Kg2 Be5 24. f4 Bxd6 25. Rxd6 $11 {[%emt 0:00:04][%mdl 4096] Endgame. KRN-KRN} Nf8 26. Rd3 Rc5 27. Ra3 a5 28. Kf3 Ne6 29. Ke4 g6 30. h3 f5+ 31. Kd3 (31. Kf3 $1 $11) 31... Rc1 (31... h4 $1 $17 32. gxh4 Nxf4+ 33. Kd2 Kg7 (33... Nxh3 34. Nxf5 Rxf5 35. Rxh3 $15)) 32. Nc4 $2 {[%emt 0:05:57] [#]} (32. Kd2 $11 {and White is okay.} Rc6 33. Nd5) 32... h4 $1 $19 33. gxh4 Nxf4+ 34. Kd4 Nxe2+ 35. Kd3 Nf4+ 36. Kd4 Ne6+ 37. Kd3 Rh1 {[%emt 0:02:34] [#] White must now prevent ...b5.} 38. Kd2 Rh2+ 39. Kd1 b5 {[%emt 0:03:51] Black is much more active.} 40. Ne5 (40. Nxa5 $17 {is a better defense.} Kg7 41. Nc6) 40... a4 (40... Rh1+ 41. Kd2 $17) 41. Nxg6 Kg7 42. Ne5 Kf6 43. Nc6 (43. Nd7+ $17 Ke7 44. Ne5) 43... f4 44. h5 Kg5 45. Na7 $2 (45. Rd3) 45... b4 ({Inferior is} 45... Kxh5 46. Nxb5 Kg5 47. Rxa4 $11) (45... Nd4 46. Rd3 Rh1+ 47. Kd2 $19) 46. Rxa4 f3 47. Ke1 Nd4 {[%emt 0:00:01] Black mates.} 48. Nb5 Nc2+ 49. Kf1 Ne3+ 50. Kg1 f2+ (50... Rxh3 51. Nd4 $17) 51. Kxh2 f1=Q ({Stronger than} 51... f1=R 52. Nd6 (52. Rxb4 Rf2+ 53. Kg3 Rxa2 $11) 52... Rf4 53. h6 Kxh6 54. Kg3 $11) 52. h4+ Kxh5 53. Kg3 Nf5+ 54. Kh2 Qf2+ 55. Kh1 Ng3# {[%emt 0:00:08] Weighted Error Value: White=0.59/Black=0.09 (flawless) .  Loses game:     	White=2     	---        Mistake:       	White=3     	Black=1      Inaccurate:     	White=2     	Black=2      OK:         	White=11    	Black=17     Best:        	White=6     	Black=5      Brilliant:      	---       	Black=1} 0-1

[Event "2nd Cambridge Open 2024"]
[Site "Cambridge"]
[Date "2024.02.21"]
[Round "4.11"]
[White "Roberson, Peter T"]
[Black "Martyn, Rafe"]
[Result "0-1"]
[ECO "B23"]
[WhiteElo "2424"]
[BlackElo "2206"]
[Annotator "TA"]
[PlyCount "118"]
[EventDate "2024.02.18"]
[EventType "swiss"]
[EventCountry "ENG"]
[SourceTitle "playchess.com"]
[Source "ChessBase"]
[SourceQuality "1"]
[TimeControl "5400+30"]

1. Nc3 c5 2. e4 Nc6 3. Bb5 Nd4 4. Nf3 a6 5. Bd3 Nc6 6. O-O d6 7. a3 g6 8. Rb1 Bg7 9. b4 Nf6 10. bxc5 dxc5 11. a4 O-O 12. Bc4 Nd4 13. h3 Nd7 14. Nh2 (14. Ba3 $11) 14... Ne5 $15 15. Ba2 b5 16. Nd5 e6 17. Ne3 $1 bxa4 18. d3 ({White should play} 18. f4 $15 Nd7 19. e5) 18... Bd7 19. Bb2 (19. f4 $15 Nec6 20. Bb2) 19... Rb8 $17 20. c3 Nb3 21. f4 Nc6 22. Nf3 Qc7 23. Nc4 Bh6 (23... Qxf4 $6 24. Nfe5 $15) (23... Nca5 $17 {And now ...Nxc4 would win.} 24. Nce5 Be8) 24. Nfe5 ({Better is} 24. Bxb3 $1 $15 axb3 (24... Rxb3 25. Nfd2 $17) 25. Bc1) 24... Nxe5 $19 25. fxe5 Bg7 26. Bxb3 (26. Ba3 $17) 26... Rxb3 $19 27. Qc2 Rfb8 (27... Bxe5 28. Nxe5 Qxe5 29. c4) 28. Ba3 $2 (28. Nd2) 28... Rxb1 $19 (28... Bxe5 $2 29. Nxe5 Qxe5 30. Rxb3 axb3 31. Qf2 $19) 29. Rxb1 Rxb1+ (29... Bxe5 30. Nxe5 Qxe5 31. Rxb8+ Qxb8 32. Qf2 $15) 30. Qxb1 Bb5 (30... Bxe5 31. Nxe5 Qxe5 32. Qb7 $11) 31. Nd6 Bxe5 32. Nxb5 axb5 33. Qxb5 Bxc3 34. Bxc5 Qc8 35. d4 $2 (35. Ba3 {is a better chance.}) 35... Qa8 $19 36. Qc4 Bb2 37. d5 exd5 38. exd5 a3 39. Qa2 Qc8 (39... Qa4 $142 40. Be3 Be5) 40. Bd6 Qc2 41. Kh1 Qd3 42. Kh2 h5 43. h4 Kg7 44. Bg3 Bd4 45. d6 Bb2 (45... Qd1 $142 46. Qc4 Qg1+ 47. Kh3 Qh1+ 48. Bh2 Be5 49. g3 Bxd6 50. Qc2 Qf1+ 51. Qg2 Qf5+ 52. g4 Qd3+ (52... hxg4+ {is a self mate.} 53. Qxg4 Qxg4+ 54. Kxg4 Bxh2 55. Kh3 Bd6 56. Kg2 a2 57. Kg1 a1=Q+ 58. Kf2 Qd1 59. h5 Bc5+ 60. Kg3 gxh5 61. Kf4 Qg4+ 62. Ke5 Bb6 63. Kd6 Qe6#) 53. Bg3 a2 54. Qb2+ Kg8 55. Kg2 Qxg3+ (55... Bxg3 56. Qxa2 hxg4 57. Qa8+ Kg7 58. Qa1+ f6 59. Qa7+ Kh6 60. Qa8 Bxh4 61. Qa2 Qh3+ 62. Kg1 Bg5 63. Qg2 Be3+ 64. Kf1 Bc5 65. Qxh3+ gxh3 66. Ke2 h2 67. Kd3 h1=Q 68. Kc4 Qc6 69. Kc3 Qe4 70. Kd2 Bb4+ 71. Kc1 Qe2 72. Kb1 Ba3 73. Ka1 Qb2#) 56. Kf1 Qf3+ (56... Qxh4 {leads to mate.} 57. Qc3 Qxg4 58. Qa1 Qf3+ 59. Kg1 Qe2 60. Qf6 Bg3 61. Qd8+ Kh7 62. Qd4 Qh2+ 63. Kf1 a1=Q+ 64. Qxa1 Qf2#) 57. Kg1 hxg4 (57... Qxg4+ {gets mated.} 58. Kf2 Qf4+ 59. Ke1 Bb4+ 60. Ke2 Qh2+ 61. Kd3 Qxb2 62. Ke4 Qe2+ 63. Kd5 Qe6+ 64. Kd4 a1=Q+ 65. Kd3 Qd1#) 58. Qc1 g3 (58... Bc5+ 59. Qxc5 a1=Q+ 60. Qc1 Qxc1+ 61. Kh2 Qh3#) 59. Qc8+ Kh7 60. Qe8 a1=Q+ 61. Qe1 Qxe1#) 46. Bf4 $19 Qd4 47. Bg3 g5 48. hxg5 h4 49. g6 hxg3+ 50. Kh3 Qf6 51. gxf7 Qxf7 52. Qb1 Be5 53. Qd1 Qf5+ 54. Kh4 Qf6+ 55. Kh3 Qf5+ 56. Kh4 Kg6 57. d7 Qg5+ 58. Kh3 Qh6+ 59. Kg4 Qh5# 0-1

[Event "2nd Cambridge Open 2024"]
[Site "Cambridge"]
[Date "2024.02.21"]
[Round "4.12"]
[White "Karamsetty, Jeevan"]
[Black "Haubro, Martin"]
[Result "0-1"]
[ECO "B50"]
[WhiteElo "2211"]
[BlackElo "2418"]
[Annotator "TA"]
[PlyCount "96"]
[EventDate "2024.02.18"]
[EventType "swiss"]
[EventCountry "ENG"]
[SourceTitle "playchess.com"]
[Source "ChessBase"]
[SourceQuality "1"]
[TimeControl "5400+30"]

1. e4 c5 2. Nf3 d6 3. Bc4 Nf6 4. d3 e6 5. Bb3 Nc6 6. c3 Be7 7. O-O d5 {[%emt 0:01:15] B50: Sicilian: 2...d6, Miscellaneous.} 8. e5 Nd7 9. d4 b5 10. dxc5 $146 ({Predecessor:} 10. Be3 a5 11. a4 c4 12. Bc2 b4 13. Nbd2 bxc3 14. bxc3 Rb8 15. Rb1 Ba6 16. h4 {0-1 Ortega Amarelle,M (2463)-Kanakaris,G (2400) Titled Tuesday intern op 16th Feb blitz 2021 (11)}) 10... Bxc5 11. Bf4 Qb6 12. Bc2 b4 13. a3 b3 $1 14. Bd3 h6 15. Bg3 (15. Nbd2 $14) 15... g5 16. a4 a6 (16... Ba6 $11) 17. h3 h5 18. Nxg5 h4 19. Qf3 Rf8 (19... hxg3 20. Qxf7+ Kd8 21. Nxe6#) 20. Bxh4 Ncxe5 21. Qe2 $1 Be7 $1 22. a5 $1 Qa7 23. Nd2 (23. Kh1 $1 $14) 23... Rh8 $1 $11 24. Ndf3 (24. Nxf7 $11 {keeps the balance.} Nxf7 25. Bxe7 Kxe7 26. Nxb3) 24... Nxd3 (24... Rxh4 $17 25. Nxe5 Bxg5) 25. Nxe6 fxe6 26. Qxe6 $2 (26. Bxe7 $11 N7c5 (26... Nf4 $2 27. Qd2 $19) 27. Bxc5 Nxc5 28. Rfd1) 26... Nf6 27. Qe2 Nf4 28. Qd2 {[%emt 0:00:37] [#]} Rxh4 (28... Nxg2 $142 $1 29. Kxg2 (29. Bg3 Ne4) 29... Bxh3+ 30. Kg1 O-O-O) 29. Nxh4 $19 Qc7 {[%emt 0:00:03] Strongly threatening ...Ne4.} 30. Rfe1 Be6 {[%emt 0:02:36] White must now prevent ...Ne4.} 31. Rxe6 Nxe6 32. Re1 Qf4 33. Qe2 Qe4 34. Qd1 Qxh4 35. Rxe6 Kf7 36. Re3 Bc5 37. Rf3 Qc4 38. Qb1 Qe4 39. Qd1 Rg8 40. Kh1 Bd6 {[%emt 0:00:19] ...Re8 would now be deadly.} 41. c4 Re8 42. Re3 Qf4 43. g3 Qxf2 44. Rxe8 Kxe8 45. Qxb3 Qf1+ 46. Kh2 Qxc4 47. Qf3 Qc2+ 48. Kh1 Qc1+ (48... Ne4 $142 49. Qh5+ Kd8 50. Qxd5 Nxg3+ 51. Kg1 Qb1+ 52. Kf2 Qxb2+ 53. Kg1 Qc1+ 54. Kf2 Qf1+ 55. Ke3 Qe2+ 56. Kd4 Qd2+ 57. Kc4 Qa2+ (57... Qc2+ {is a self mate.} 58. Kd4 Nf5+ 59. Qxf5 Qxf5 60. h4 Qf3 61. h5 Kd7 62. h6 Ba3 63. Kc4 Bb2 64. Kc5 Qc6+ 65. Kb4 Qb5#) 58. Kd4 Ne2+ 59. Ke3 Qxd5 60. Kxe2 Bc5 (60... Qxa5 {leads to mate.} 61. Ke3 Qa4 62. Ke2 Qe4+ 63. Kf2 Qd3 64. h4 Bc5+ 65. Kg2 Qe2+ 66. Kh3 Bd6 67. h5 Qf3+ 68. Kh4 Qg3#) (60... Qa2+ {gets mated.} 61. Kf3 Qa3+ 62. Ke4 Qxh3 63. Kd5 Ke7 64. Ke4 Kd7 65. Kd4 Qf3 66. Kc4 Qe3 67. Kd5 Qd3#) 61. h4 Qe4+ (61... Qa2+ 62. Kd3 Qf2 63. Ke4 Qxh4+ 64. Kf3 Qb4 65. Kg3 Qe4 66. Kh3 Qf3+ 67. Kh2 Qg4 68. Kh1 Qh3#) 62. Kd2 Bb4+ (62... Qxh4 63. Kc2 Qc4+ 64. Kd2 Bd4 65. Kd1 Be3 66. Ke1 Qc2 67. Kf1 Qf2#) 63. Kc1 Qe2 (63... Bxa5 64. Kb2 Qb4+ 65. Kc2 Qc3+ 66. Kb1 Qd2 67. h5 Bc3 68. h6 Qb2#) 64. Kb1 Ba3 65. Ka1 Qb2#) 0-1

[Event "2nd Cambridge Open 2024"]
[Site "Cambridge"]
[Date "2024.02.21"]
[Round "4.13"]
[White "Sowray, Peter J"]
[Black "Pert, Richard G"]
[Result "0-1"]
[ECO "D32"]
[WhiteElo "2169"]
[BlackElo "2411"]
[Annotator "TA"]
[PlyCount "102"]
[EventDate "2024.02.18"]
[EventType "swiss"]
[EventCountry "ENG"]
[SourceTitle "playchess.com"]
[Source "ChessBase"]
[SourceQuality "1"]
[TimeControl "5400+30"]

1. d4 d5 2. c4 e6 3. Nc3 c5 4. cxd5 cxd4 5. Qa4+ Bd7 6. Qxd4 exd5 7. Qxd5 Nf6 8. Qd1 Bc5 9. Nf3 O-O 10. e3 Nc6 11. Be2 Qe7 12. O-O Rfd8 13. Qb3 Bg4 14. Rd1 a6 15. Bd2 {[%emt 0:07:54] White is slightly better.} b5 16. a3 Bf5 17. Qa2 Ne5 (17... Be6 $14 18. Qb1 Bb3) 18. Be1 Nd3 {[%emt 0:03:43] [#]} 19. Nd4 Bxd4 $11 20. Bxd3 Bxc3 $1 21. Bxf5 Bxe1 22. Rxd8+ (22. Rxe1 g6 23. Bh3 Rd2 $17) 22... Rxd8 23. Rxe1 g6 24. Bh3 (24. Bb1 $1 $11) 24... Rd2 $17 25. Qb3 Ne4 {[%emt 0:05:41] Wards off Qc3} 26. Rc1 (26. Rf1 $17) 26... Rxf2 $19 27. Qd5 $2 (27. Qb4 {might work better.} Qxb4 28. axb4 Rxb2 29. Bc8) 27... Rd2 (27... Rxb2 $2 28. Qd4 (28. Rc8+ $2 Kg7 $19) 28... Qf6 29. Qxe4 $18) 28. Qc6 h5 {[%emt 0:05:46] Threatens to win with ...Ng5.} (28... Rxb2 29. Qxa6 Nf6 30. Rf1 Qxe3+ 31. Kh1) 29. Bc8 (29. Re1 $142) 29... Rd6 (29... Rxb2 $2 30. Bxa6 Qe5 (30... Qxa3 31. Qxe4 Qxa6 32. Rf1 $17) 31. Bb7 $19) (29... Re2 $142 {[%cal Oe7a7] White must now prevent ...Qa7!} 30. h4 (30. Bxa6 $2 Qa7 $19) 30... Nd2 (30... Rxb2 $2 31. Qd7 $19) (30... Qxh4 $2 31. Qe8+ Kg7 32. Qe5+ Kh7 33. Qf4 $19)) 30. Qc2 Kh7 (30... a5 $19 {aiming for ...Rd2.} 31. b4 axb4 32. axb4 Rd2) 31. h3 $17 Rd2 ({Better is} 31... Kg7 $17 {...Rd2 is the strong threat.} 32. Rd1 a5 33. Rxd6 Nxd6 34. Qc3+ Kh7) 32. Qc7 $11 Qf6 $40 {[%emt 0:01:29][%mdl 128] White needs to defend precisely.} 33. Qf4 (33. Rf1 $11 Rf2 (33... Qxb2 34. Qxf7+ Qg7 35. Bxa6 $11) 34. Rxf2 Qxf2+ 35. Kh2) 33... Qxf4 $1 $17 (33... Qxb2 $6 34. Qxf7+ Qg7 35. Qxg7+ Kxg7 36. Bxa6 $11) 34. exf4 {[%emt 0:00:02][%mdl 4096] Endgame. KRB-KRN} a5 (34... Rxb2 35. Bxa6 Kg7 36. Bb7) 35. b4 axb4 36. axb4 Rb2 37. g4 hxg4 $1 {[%emt 0:01:11] Black is more active.} ({But not} 37... Rxb4 $6 38. gxh5 gxh5 39. Kg2 $11) 38. hxg4 Rxb4 39. Kg2 Nd6 (39... Rc4 $1 $19 40. Rh1+ Kg7) 40. Kg3 ({White has to play} 40. Kf3 $1 $15) 40... Kg7 (40... Nxc8 $1 $19 41. Rxc8 Rb1) 41. g5 $2 (41. Kf3 $17) 41... Rd4 (41... Rc4 $19 42. Rxc4 bxc4) 42. Bg4 b4 43. Rc6 b3 44. Rb6 Rd3+ 45. Kh4 $2 (45. Kf2 $17 {is the only way for White.}) 45... Nf5+ $2 ({Much less strong is} 45... Nc4 46. Rb8 $19) (45... Kf8 $1 $19 {And now ...Ke7 would win.} 46. Rb8+ Ke7) 46. Bxf5 $11 gxf5 {[%emt 0:00:01] KR-KR} 47. Rg6+ {[%emt 0:01:10] [#]} Kf8 $1 $17 {[%emt 0:00:31] ( -> ...Rh3+)} 48. Rb6 {[%emt 0:00:39] [#]} Rf3 $1 49. g6 $2 (49. Rb5 $17) 49... fxg6 $19 {[%emt 0:00:38] Hoping for ...Ke7. Black is clearly winning.} ({Not} 49... Rxf4+ 50. Kg5 Rg4+ 51. Kxf5 Rxg6 52. Rb8+ Kg7 53. Rxb3 $11) 50. Kg5 Rg3+ 51. Kf6 Ke8 {[%emt 0:00:06] Weighted Error Value: White=0.65/Black=0.36.  Loses game:     	White=2     	---        Missed win:     	---       	Black=1      Mistake:       	White=9     	Black=7      Inaccurate:     	White=1     	Black=1      OK:         	White=7     	Black=16     Best:        	White=7     	Black=4      Strong:       	---       	Black=4} 0-1

[Event "2nd Cambridge Open 2024"]
[Site "Cambridge"]
[Date "2024.02.21"]
[Round "4.14"]
[White "Wells, Peter K"]
[Black "Denderski, Piotr"]
[Result "1-0"]
[ECO "D42"]
[WhiteElo "2341"]
[BlackElo "2137"]
[Annotator "RC"]
[PlyCount "49"]
[EventDate "2024.02.18"]
[EventType "swiss"]
[EventCountry "ENG"]
[SourceTitle "playchess.com"]
[Source "ChessBase"]
[SourceQuality "1"]
[TimeControl "5400+30"]

1. d4 Nf6 2. Nf3 e6 3. c4 c5 4. e3 d5 5. Nc3 cxd4 6. exd4 Nc6 7. a3 Be7 8. cxd5 Nxd5 9. Bd3 O-O 10. O-O Nxc3 11. bxc3 b6 12. Re1 Bb7 13. h4 Bf6 14. Ng5 g6 15. Qg4 h5 16. Qg3 Ne7 17. Bf4 Rc8 18. Rac1 Nf5 19. Nxe6 fxe6 20. Qxg6+ Ng7 21. Bg5 Bxg5 22. Qh7+ Kf7 23. Bg6+ Kf6 24. hxg5+ Kxg5 25. Qxg7 1-0